 Dungeon Crawl Stone Soup version 0.30-a0-672-gc3a7216ad8 (webtiles) character file.

Game seed: 13871514356031803261

4561 Leeroy the Carver (level 10, -2/60 HPs)
             Began as a Tengu Warper on Jan 18, 2023.
             Was a Believer of Uskayaw.
             Slain by a two-headed ogre
             ... wielding a +0 giant spiked club
              (20 damage)
             ... on level 9 of the Dungeon.
             The game lasted 00:10:37 (7445 turns).

Leeroy the Carver (Tengu Warper)                    Turns: 7445, Time: 00:10:38

Health: -2/60      AC:  6    Str: 11    XL:     10   Next: 40%
Magic:  23/23      EV: 16    Int: 13    God:    Uskayaw [**....]
Gold:   567        SH:  0    Dex: 19    Spells: 1/13 levels left

rFire   . . .      SeeInvis .    I - +5 scimitar
rCold   . . .      Faith    .    (no shield)
rNeg    . . .      Spirit   .    M - +0 steam dragon scales
rPois   +          Reflect  .    (helmet restricted)
rElec   .          Harm     .    p - +0 cloak
rCorr   .          Rampage  .    (no gloves)
Will    .....                    (boots unavailable)
Stlth   ++                       (no amulet)
HPRegen 0.30/turn                n - ring of magical power
MPRegen 0.18/turn                t - ring of poison resistance

@: flying quickly and evasively, quick
A: beak, talons 3, nimble flight
a: Renounce Religion, Stomp, Line Pass


You were on level 9 of the Dungeon.
You worshipped Uskayaw.
Uskayaw was noncommittal.
You visited 2 branches of the dungeon, and saw 10 of its levels.

You collected 616 gold pieces.
You spent 49 gold pieces at shops.

Inventory:

Hand Weapons
 a - a +0 falchion
 h - a +1 short sword of protection
 o - a +2 dagger of holy wrath
 v - a +0 vampiric hand axe
 E - a +0 long sword
 I - a +5 scimitar (weapon)
 N - a +2 dagger of venom
 Q - a +4 short sword
 R - a +1 dagger of venom
 X - a +3 scimitar
Missiles
 d - 10 boomerangs of dispersal (quivered)
 r - 2 curare-tipped darts
 H - 5 boomerangs
 U - 14 poisoned darts
Armour
 b - a +0 leather armour
 m - a +0 scale mail
 p - a +0 cloak (worn)
 w - a +0 ring mail
 B - a +2 ring mail of cold resistance
 M - +0 steam dragon scales (worn)
Magical Staves
 T - a staff of fire
Jewellery
 n - a ring of magical power (left hand)
 t - a ring of poison resistance (right hand)
 A - a ring of see invisible
 K - a ring of fire
 V - a ring of fire
Wands
 F - a wand of flame (14)
 O - a wand of polymorph (6)
 W - a wand of iceblast (3)
Scrolls
 c - 3 scrolls of blinking
 e - a scroll of enchant armour {unknown}
 f - 2 scrolls of amnesia
 g - a scroll of fog {unknown}
 j - 2 scrolls of butterflies {unknown}
 k - 2 scrolls of vulnerability {unknown}
 l - a scroll of immolation {unknown}
 q - 2 scrolls of teleportation {unknown}
 s - 2 scrolls of fear {unknown}
 u - a scroll of enchant weapon {unknown}
 y - 2 scrolls of poison {unknown}
 z - a scroll of magic mapping {unknown}
 L - 4 scrolls of identify {unknown}
Potions
 i - 2 potions of curing
 x - 2 potions of ambrosia {unknown}
 C - a potion of brilliance {unknown}
 D - a potion of lignification
 G - a potion of heal wounds {unknown}
 J - a potion of attraction {unknown}
 P - a potion of haste {unknown}
 S - 2 potions of mutation {unknown}


   Skills:
 - Level 6.0 Fighting
 - Level 12.0 Long Blades
 - Level 1.0 Throwing
 - Level 3.1 Armour
 - Level 3.1 Dodging
 - Level 2.0 Spellcasting
 * Level 6.9 Translocations


You had one spell level left.
You knew the following spells:

 Your Spells              Type           Power      Damage    Failure   Level
a - Blink                 Tloc           38%        N/A       2%          2
b - Vhi's Electric Charg  Tloc/Air       20%        N/A       19%         3
c - Manifold Assault      Tloc           19%        N/A       14%         4
d - Mephitic Cloud        Conj/Pois/Air  1%         N/A       58%         3

Your spell library contained the following spells:

 Spells                   Type           Power      Damage    Failure   Level
 Apportation              Tloc           38%        N/A       1%          1
 Freeze                   Ice            4%         1d3       26%         1
 Necrotise                Necr           4%         1d4       26%         1
 Summon Small Mammal      Summ           4%         N/A       26%         1
 Lesser Beckoning         Tloc           38%        N/A       2%          2
 Teleport Other           Tloc           19%        N/A       4%          3
 Portal Projectile        Hex/Tloc       20%        N/A       19%         3
 Cigotuvi's Dreadful Rot  Necr/Pois/Air  2%         N/A       36%         2
 Ensorcelled Hibernation  Hex/Ice        2%         N/A       36%         2
 Poisonous Vapours        Pois/Air       2%         N/A       36%         2
 Frozen Ramparts          Ice            2%         1d1       58%         3
 Hailstorm                Conj/Ice       1%         3d3       58%         3
 Spider Form              Tmut/Pois      1%         N/A       58%         3
 Tukima's Dance           Hex            1%         N/A       58%         3
 Anguish                  Hex/Necr       0%         N/A       94%         4
 Blade Hands              Tmut           0%         N/A       100%        5


Dungeon Overview and Level Annotations

Branches:
Dungeon (9/15)             Temple (1/1) D:5
   Lair: D:8-11         Orc: D:9-12

Altars:
Ashenzari
Cheibriados
Elyvilon
Fedhas
Gozag
Hepliaklqana
Kikubaaqudgha
Makhleb
Nemelex Xobeh
Okawaru
Qazlal
Ru
Sif Muna
Trog
Uskayaw
Vehumet
Wu Jian
Xom
Yredelemnul
Zin
The Shining One

Shops:
D:2 [   D:7 *


Innate Abilities, Weirdness & Mutations

You have a beak for a mouth.
You have claws for feet.
Your magical nature lets you fly swiftly and evasively.


Message History

You slice the yak!!
You kill the yak!
No target in view!
No target in view!
Things that are here:
a +3 scimitar; a +0 robe
X - a +3 scimitar Your magical contamination has completely faded away.
You start resting.
HP restored.
You start resting.
Magic restored.
There is a stone staircase leading down here.
You fly downwards.
The yak snorts and paws the ground.
The yak barely misses you. The wight misses you.
There is a stone staircase leading up here.
Things that are here:
a +0 robe; a +0 hand axe The yak closely misses you.
The wight misses you.
You fly upwards.
There is a stone staircase leading down here.
You barely miss the yak. You claw the yak. You peck the yak, but do no damage.
The yak is lightly wounded.
You barely miss the yak. You claw the yak! You peck the yak.
The yak is moderately wounded.
The yak gores you!
You slash the yak! You claw the yak, but do no damage. You peck the yak.
The yak is heavily wounded.
The yak gores you!
You slice the yak!!
You kill the yak!
You can now pass through a line of other dancers.
No target in view!
No target in view!
You fly downwards.
The wight barely misses you.
The two-headed ogre hits you with a +0 giant spiked club!!
* * * LOW HITPOINT WARNING * * *
The two-headed ogre hits you with a +0 giant club!!
You die...

#.....# .....#
#....# #....#
#....# #....#
#....# #...z#
#..@O# ####'#
.......hKY..#
............#
............#
..............
#####.......###
#........
#...8.....


You could see a two-headed ogre, a yak, a kobold brigand, a howler monkey and a
wight.

Vanquished Creatures
  Pikel (D:7)
  Prince Ribbit (D:7)
  2 yaks (D:8)
  A wyvern (D:7)
  2 steam dragons
  Edmund (D:4)
  Menkaure (D:5)
  A water moccasin (D:8)
  An ice beast (D:5)
  2 sky beasts
  An orc warrior (D:8)
  A black bear (D:5)
  A centaur (D:7)
  2 phantoms
  A lemure (D:7)
  Blork the orc (D:5)
  A kobold brigand (D:8)
  2 necrophages (D:8)
  2 scorpions
  7 wights
  6 killer bees (D:8)
  An electric eel (D:8)
  4 howler monkeys
  2 jellies
  5 orc priests
  4 hounds
  12 orc wizards
  4 gnolls (D:7)
  10 adders
  2 shadow imps (D:7)
  A white imp (D:6)
  An ufetubus (D:6)
  A worm (D:3)
  A dart slug (D:4)
  46 orcs
  3 ball pythons
  11 endoplasms
  A giant cockroach (D:3)
  9 goblins
  10 hobgoblins
  3 jackals (D:4)
  14 kobolds
  6 quokkas
  9 bats
  8 frilled lizards
  7 rats
213 creatures vanquished.

Vanquished Creatures (others)
  5 plants (D:6)
5 creatures vanquished.

Grand Total: 218 creatures vanquished

Notes
Turn   | Place    | Note
-------+----------+-------------------------------------------
     0 | D:1      | Leeroy the Tengu Warper began the quest for the Orb.
     0 | D:1      | Reached XP level 1. HP: 12/12 MP: 4/4
   102 | D:1      | Reached XP level 2. HP: 17/17 MP: 6/6
   108 | D:1      | Reached skill level 3 in Long Blades
   156 | D:1      | Learned a level 2 spell: Blink
   235 | D:1      | Found a faded altar of an unknown god.
   441 | D:1      | Reached XP level 3. HP: 21/21 MP: 7/7
   951 | D:2      | Found a shimmering blue altar of Sif Muna.
   955 | D:2      | Found Pughilusk's Armour Shop.
   961 | D:2      | Bought a +0 cloak for 49 gold pieces
  1049 | D:2      | Reached XP level 4. HP: 21/26 MP: 8/8
  1094 | D:2      | Noticed a scorpion
  1396 | D:2      | Learned a level 3 spell: Vhi's Electric Charge
  1478 | D:3      | Found a glowing silver altar of Zin.
  1903 | D:3      | Reached skill level 4 in Long Blades
  1903 | D:3      | Gained mutation: Your magical nature lets you fly swiftly
                  | and evasively. [Tengu growth]
  1903 | D:3      | Reached XP level 5. HP: 25/30 MP: 9/9
  2342 | D:4      | Noticed Edmund
  2371 | D:3      | Reached skill level 5 in Long Blades
  2532 | D:4      | Killed Edmund
  2533 | D:4      | Reached skill level 6 in Long Blades
  2533 | D:4      | Reached XP level 6. HP: 12/35 MP: 10/10
  2918 | D:4      | Reached skill level 7 in Long Blades
  2918 | D:4      | Reached XP level 7. HP: 18/40 MP: 11/11
  3112 | D:5      | Entered Level 5 of the Dungeon
  3148 | D:5      | Reached skill level 8 in Long Blades
  3279 | D:5      | Found a staircase to the Ecumenical Temple.
  3288 | Temple   | Entered the Ecumenical Temple
  3342 | Temple   | Became a worshipper of Uskayaw the Reveller
  3392 | D:5      | Noticed Blork the orc
  3398 | D:5      | Reached * piety under Uskayaw
  3401 | D:5      | Reached ** piety under Uskayaw
  3406 | D:5      | Killed Blork the orc
  3408 | D:5      | Reached *** piety under Uskayaw
  3554 | D:5      | Noticed Menkaure
  3563 | D:5      | Killed Menkaure
  3564 | D:5      | Reached skill level 9 in Long Blades
  3564 | D:5      | Reached XP level 8. HP: 15/44 MP: 12/12
  4264 | D:5      | Reached **** piety under Uskayaw
  4265 | D:5      | Reached skill level 10 in Long Blades
  4525 | D:6      | Reached ***** piety under Uskayaw
  4656 | D:6      | Reached skill level 11 in Long Blades
  4842 | D:6      | Found a sacrificial altar of Ru.
  4854 | D:6      | Reached XP level 9. HP: 48/48 MP: 13/13
  4921 | D:6      | Reached skill level 12 in Long Blades
  5312 | D:6      | Learned a level 4 spell: Manifold Assault
  5316 | D:6      | Learned a level 3 spell: Mephitic Cloud
  5374 | D:7      | Noticed Pikel
  5388 | D:7      | Killed Pikel
  5443 | D:7      | Noticed Prince Ribbit
  5457 | D:7      | Killed Prince Ribbit
  5591 | D:7      | Found Aneq's Mass Market.
  5645 | D:7      | Found a shimmering altar of Xom.
  6237 | D:7      | Reached skill level 5 in Translocations
  6309 | D:8      | Reached skill level 5 in Fighting
  6323 | D:8      | Reached XP level 10. HP: 39/59 MP: 14/14
  7020 | D:8      | Found a snail-covered altar of Cheibriados.
  7022 | D:8      | Found a blossoming altar of Fedhas.
  7149 | D:8      | Found a broken altar of Ashenzari.
  7385 | D:9      | Noticed a two-headed ogre
  7445 | D:9      | Slain by a two-headed ogre

Illustrated notes

Levels and vault maps discovered:
D:1:      zaba_arrival_water, layout_basic, hellmonk_ecumenical_altar_crossroads
D:2:      layout_rooms, serial_shops, shop, serial_curves, eino_curves_03,
          eino_curves_04, basic_altar, lightli_corner_chamber
D:3:      layout_basic, zin_academy, grunt_ministairs_13, minmay_vboxes
D:4:      layout_rooms, uniq_edmund
D:5:      layout_loops_ring, minmay_temple_entry_large_hall, uniq_menkaure,
          uniq_blork_the_orc
D:6:      layout_cave_pools, nicolae_ru_sacrificial_ziggurat,
          serial_bayou_ford_a, minmay_statues_item
D:7:      layout_loops_ring, kennysheep_little_box, hangedman_decor_riveting,
          minmay_shop_mass, uniq_pikel, uniq_prince_ribbit1
D:8:      layout_loops_ring, jmf_multi_god_temple, mainiacjoe_overflow_paths,
          minivault_4
D:9:      layout_irregular_city, nicolae_dithmenos_through_a_glass_darkly,
          lemuel_crystal_altar, hellmonk_lair_entry_icy, erik_orc_2, st_stairs_1
Temple:   compressed_dpeg_circular_temple

Skill      XL: |  1  2  3  4  5  6  7  8  9 10 |
---------------+-------------------------------+-----
Long Blades    | 3 4 6 7 9 11 12 | 12.0
Dodging        | 3 |  3.1
Armour         | 2 3 |  3.1
Fighting       | 5 6 |  6.0
Translocations | 5 6 |  6.9
Throwing       | |  1.0
Spellcasting   | |  2.0

Action                   |  1- 3 |  4- 6 |  7- 9 | 10-12 || total
-------------------------+-------+-------+-------+-------++-------
Melee: Falchion          |     7 |       |       |       ||     7
       Short sword       |    96 |   184 |       |       ||   280
       Kick              |    23 |    59 |    76 |    20 ||   178
       Peck              |    12 |    37 |    44 |     9 ||   102
       Punch             |       |     1 |     2 |     1 ||     4
       Long sword        |       |    33 |   114 |       ||   147
       Scimitar          |       |       |   142 |    69 ||   211
       Unarmed           |       |       |     3 |       ||     3
 Cast: Manifold Assault  |       |       |       |     1 ||     1
       Vhi's Electric Ch |       |       |       |     1 ||     1
  Use: Potion            |       |       |     2 |       ||     2
       Scroll            |       |       |     1 |       ||     1
 Stab: Sleeping          |     1 |       |       |     1 ||     2
       Paralysed         |       |       |     9 |     3 ||    12
Armor: Scale mail        |    44 |    52 |       |       ||    96
       Leather armour    |     3 |       |       |       ||     3
       Ring mail         |       |    37 |    62 |       ||    99
       Skin              |       |       |    16 |       ||    16
       Steam dragon scal |       |       |    21 |     5 ||    26
Dodge: Dodged            |    55 |   113 |   163 |    48 ||   379

Table legend: (Time is in decaauts)
 A = Elapsed time spent in this place.
 B = Non-inter-level travel time spent in this place.
 C = Inter-level travel time spent in this place.
 D = Time resting spent in this place.
 E = Time spent auto-exploring this place.
 F = Levels seen in this place.
 G = Mean time per level.
                   A        B        C        D        E       F      G
               +--------+--------+--------+--------+--------+-----+--------+
         Total |   7080 |   6799 |    281 |    738 |   4661 |  10 |  708.0 |
       Dungeon |   7004 |   6730 |    274 |    738 |   4614 |   9 |  778.2 |
        Temple |     75 |     68 |      7 |      0 |     46 |   1 |   75.0 |
               +--------+--------+--------+--------+--------+-----+--------+

Top non-repeatable levels by time:
     D:5: 1193 daAuts
     D:7: 1043 daAuts
     D:3: 949 daAuts
     D:1: 915 daAuts
     D:8: 908 daAuts
     D:6: 823 daAuts
     D:4: 641 daAuts
     D:2: 508 daAuts
  Temple: 75 daAuts
     D:9: 21 daAuts
